 Dungeon Crawl Stone Soup version 0.31-a0-237-g2d982f9f85 (webtiles) character file.

Game seed: 15008121279542269508

133 qw the Shooter (level 5, -1/30 HPs)
             Began as a Gargoyle Hexslinger on July 11, 2023.
             Slain by a gnoll
             ... wielding a +3 spear
              (7 damage)
             ... on level 3 of the Dungeon.
             The game lasted 00:00:52 (2140 turns).

qw the Shooter (Gargoyle Hexslinger)                Turns: 2140, Time: 00:00:52

Health: -1/30      AC:  6    Str: 12    XL:     5   Next: 16%
Magic:  6/6        EV: 12    Int: 13    God:
Gold:   98         SH:  0    Dex: 14    Spells: 5/6 levels left

rFire   . . .        Y - +2 sling
rCold   . . .        (no shield)
rNeg    + . .        c - +0 robe
rPois   inf          (no helmet)
rElec   +            (no cloak)
rCorr   .            (no gloves)
SInv    .            (no boots)
Will    .....        (no amulet)
Stlth   +            (no ring)
HPRegen 0.25/turn    (no ring)
MPRegen 0.10/turn

%: no passive effects
@: about to teleport
A: sickness immunity, AC +4, negative energy resistance 1, electricity
resistance, torment resistance 1, petrification resistance
a: no special abilities


You were on level 3 of the Dungeon.
You visited 1 branch of the dungeon, and saw 3 of its levels.

You collected 98 gold pieces.


Innate Abilities, Weirdness & Mutations

You are immune to sickness and miasma.
Your stone body is resilient. (AC +4)
You are immune to poison.
You resist negative energy. (rN+)
You are resistant to electric shocks. (rElec)
You are resistant to unholy torment.
You are immune to petrification.


   Skills:
 - Level 2.0 Fighting
 + Level 4.9 Ranged Weapons
 - Level 1.5 Dodging
 - Level 1.0 Spellcasting
 - Level 2.6 Hexes


You had 5 spell levels left.
You knew the following spells:

 Your Spells              Type           Power      Damage    Failure   Level
a - Slow                  Hex            28%        N/A       10%         1

Your spell library contained the following spells:

 Spells                   Type           Power      Damage    Failure   Level
 Inner Flame              Hex/Fire       4%         N/A       43%         3
 Portal Projectile        Hex/Tloc       8%         N/A       43%         3
 Cause Fear               Hex            3%         N/A       67%         4

Inventory:

Hand Weapons
 Y - a +2 sling (weapon)
Armour
 c - a +0 robe (worn)
Scrolls
 b - a scroll of teleportation
 f - 2 scrolls of identify
Potions
 g - a potion of heal wounds
 h - a potion of might

Dungeon Overview and Level Annotations

Branches:
Dungeon (3/15)

Altars:


Message History

You shoot a sling bullet. The sling bullet hits the gnoll.
The gnoll is severely wounded.
The gnoll barely misses you.
You shoot a sling bullet. The sling bullet hits the gnoll!
You kill the gnoll!
An orc comes into view. It is wielding a +0 whip.
You shoot a sling bullet. The orc shouts!
The sling bullet hits the gnoll!
You kill the gnoll!
You have reached level 5!
You shoot a sling bullet. The sling bullet hits the gnoll.
The gnoll is lightly wounded.
You hear a shout!
The gnoll hits you with a +0 flail.
You hear an angry hiss.
You shoot a sling bullet.
The sling bullet closely misses the gnoll.
The gnoll hits you with a +0 flail.
The gnoll hits you from afar with a +3 spear.
You shoot a sling bullet. The sling bullet hits the gnoll.
The gnoll is moderately wounded.
The gnoll closely misses you. The gnoll hits you with a +0 flail.
You shoot a sling bullet. The sling bullet hits the gnoll.
The gnoll is heavily wounded.
The gnoll hits you with a +0 flail. The gnoll hits you but does no damage.
You shoot a sling bullet. The sling bullet hits the gnoll.
The gnoll is almost dead.
You hear a shout!
The orc barely misses you. The gnoll hits you with a +0 flail.
The gnoll hits you from afar with a +3 spear!
You shoot a sling bullet. The sling bullet hits the gnoll.
You kill the gnoll!
The orc hits you with a +0 whip. The gnoll closely misses you.
2140 ||| READING 2 scrolls of teleportation.
As you read the scroll of teleportation, it crumbles to dust.
You feel strangely unstable. The orc hits you but does no damage.
The gnoll hits you from afar with a +3 spear!
You die...

#g .. .. ... g#
#.## .+.:... ..
.#... .... .).
..#.########g#####
...<.....o@).....#
#..#.#...#.###.#
#..........#
####.......#
#..<..>...##
###.#.....#
...#.....#
#####.....#
###...#


You could see a gnoll and an orc.

Vanquished Creatures
  An adder (D:2)
  6 gnolls
  2 worms (D:2)
  A dart slug (D:1)
  7 bats
  3 endoplasms
  3 giant cockroaches (D:1)
  5 goblins
  7 hobgoblins
  4 quokkas (D:1)
  5 ball pythons (D:1)
  4 frilled lizards
  4 kobolds
  7 rats
59 creatures vanquished.

Notes
Turn   | Place    | Note
-------+----------+-------------------------------------------
     0 | D:1      | qw the Gargoyle Hexslinger began the quest for the Orb.
     0 | D:1      | Reached XP level 1. HP: 12/12 MP: 2/2
     0 | D:1      | 0 ||| qw: Version: 0.3-a-52-g30416fa
     0 | D:1      | 0 ||| qw: Game counter: 5474
     0 | D:1      | 0 ||| qw: Melee chars always use a shield: true
     0 | D:1      | 0 ||| qw: God list: Okawaru
     0 | D:1      | 0 ||| qw: Allow faded altars: false
     0 | D:1      | 0 ||| qw: Do Orc after clearing Dungeon:15 true
     0 | D:1      | 0 ||| qw: Do second Lair branch before Depths: true
     0 | D:1      | 0 ||| qw: Lair rune preference: random
     0 | D:1      | 0 ||| qw: Goals: Normal
     0 | D:1      | 0 ||| PLANNING D:1-11
    39 | D:1      | Found a faded altar of an unknown god.
    92 | D:1      | Reached XP level 2. HP: 16/16 MP: 3/3
   203 | D:1      | Reached skill level 3 in Ranged Weapons
   329 | D:1      | Reached XP level 3. HP: 21/21 MP: 4/4
   999 | D:1      | 999 ||| READING scroll labelled ENLIR TIHECW.
  1003 | D:1      | 1003 ||| READING scroll labelled HAOPRA YWIZA.
  1004 | D:1      | 1004 ||| READING 3 scrolls labelled UTOONWA ZOCA.
  1005 | D:1      | 1005 ||| READING 2 scrolls of identify.
  1005 | D:1      | 1005 ||| IDENTIFYING emerald potion
  1006 | D:1      | 1006 ||| DROPPING scroll of poison.
  1183 | D:2      | Reached XP level 4. HP: 26/26 MP: 5/5
  1187 | D:2      | Reached skill level 4 in Ranged Weapons
  1191 | D:2      | HP: 1/26 [gnoll/+0 spear (6)]
  1192 | D:2      | 1192 ||| DRINKING 2 potions of heal wounds.
  1962 | D:2      | 1962 ||| READING scroll labelled LEANKI ODWAOTTI.
  1963 | D:2      | 1963 ||| READING scroll labelled HEDWIWN QYWEDD.
  2064 | D:2      | 2064 ||| READING 3 scrolls of identify.
  2064 | D:2      | 2064 ||| IDENTIFYING glowing red potion
  2125 | D:3      | 2125 ||| Stepping ~*~*~tactically~*~*~ (outnumbered).
  2129 | D:3      | 2129 ||| Stepping ~*~*~tactically~*~*~ (outnumbered).
  2134 | D:3      | Reached XP level 5. HP: 30/30 MP: 6/6
  2139 | D:3      | HP: 5/30 [orc/+0 whip (5)]
  2140 | D:3      | 2140 ||| READING 2 scrolls of teleportation.
  2140 | D:3      | Slain by a gnoll

Levels and vault maps discovered:
D:1:      dpeg_arrival_round_c, layout_basic,
          shapermc_ecumenical_altar_mp_highgroup
D:2:      layout_loops_corners
D:3:      layout_basic, fedhas_ov_isle_minmay, serial_corexii_hall,
          chequers_hall_statues_corner_a, corexii_hall_statues_x,
          minmay_checkerbox

Skill      XL: |  1  2  3  4 |
---------------+-------------+-----
Ranged Weapons | 3 4 |  4.9
Fighting       | 2 |  2.0
Dodging        | |  1.5
Spellcasting   | |  1.0
Hexes          | |  2.6

Action                     |  1- 3 |  4- 6 || total
---------------------------+-------+-------++-------
   Fire: Sling             |   137 |    97 ||   234
    Use: Scroll            |     4 |     4 ||     8
         Potion            |       |     1 ||     1
 Armour: Robe              |    24 |    20 ||    44
  Dodge: Dodged            |    49 |    40 ||    89

Table legend:
 A = Non-vault XP
 B = Vault XP
 C = Vault XP percentage of total XP
 D = Non-vault monster count
 E = Vault monster count
 F = Vault count percentage of total count
                 A         B        C        D         E       F
            +---------+---------+-------+---------+---------+-------
      Total |     191 |       0 |   0.0 |      59 |       0 |   0.0
            +---------+---------+-------+---------+---------+-------
        D:1 |      55 |       0 |   0.0 |      32 |       0 |   0.0
        D:2 |      93 |       0 |   0.0 |      24 |       0 |   0.0
        D:3 |      43 |       0 |   0.0 |       3 |       0 |   0.0
            +---------+---------+-------+---------+---------+-------
